 Dungeon Crawl Stone Soup version 0.21-a0-84-g85d6d27 (webtiles) character file.

222287 Lianjan the Executioner (level 18, 0/174 HPs)
             Began as a Deep Dwarf Fighter on July 6, 2017.
             Was the Champion of Makhleb.
             Slain by an earth elemental (19 damage)
             ... summoned by a deep elf elementalist
             ... on level 3 of the Elven Halls.
             The game lasted 01:34:21 (27795 turns).

Lianjan the Executioner (Deep Dwarf Fighter)       Turns: 27795, Time: 01:34:21

Health: 0/174      AC: 35    Str: 30    XL:     18   Next: 52%
Magic:  23/23      EV:  7    Int: 11    God:    Makhleb [******]
Gold:   1506       SH:  2    Dex: 13    Spells: 17/17 levels left

rFire    + . .     SeeInvis +   T - +3 battleaxe (vamp)
rCold    + + .     Gourm    .   (shield currently unavailable)
rNeg     + . .     Faith    .   l - +4 gold dragon scales
rPois    +         Spirit   .   e - +2 helmet {SInv}
rElec    .         Reflect  +   d - +2 cloak {MR+}
rCorr    .         Harm     .   C - +0 pair of gloves
MR       +++..                  I - +0 pair of boots (curse)
Stlth    ..........             N - +2 amulet of reflection
HPRegen  0.00/turn              E - +5 ring of strength
MPRegen  0.18/turn              Q - ring of protection from cold

@: about to teleport, non-regenerating
A: damage resistance, heal wounds, negative energy resistance 1, sense
surroundings 3, no regeneration
}: 1/15 runes: serpentine
a: Heal Wounds, Minor Destruction, Lesser Servant of Makhleb, Major Destruction,
Greater Servant of Makhleb, Renounce Religion


You were on level 3 of the Elven Halls.
You worshipped Makhleb.
Makhleb was exalted by your worship.
You were not hungry.

You visited 6 branches of the dungeon, and saw 31 of its levels.
You also visited: Labyrinth and Ice Cave.

You collected 3040 gold pieces.
You spent 1534 gold pieces at shops.

Inventory:

Hand Weapons
 p - a +5 war axe of flaming
 T - a +3 vampiric battleaxe (weapon)
Missiles
 w - 298 bolts
Armour
 d - a +2 cloak of magic resistance (worn)
 e - a +2 helmet of see invisible (worn)
 l - +4 gold dragon scales (worn)
 C - a +0 pair of gloves (worn)
 I - a cursed +0 pair of boots (worn)
Jewellery
 o - an uncursed ring of flight
 E - a +5 ring of strength (left hand)
 N - a +2 amulet of reflection (around neck)
 Q - a ring of protection from cold (right hand)
Wands
 a - a wand of digging (1/24)
 b - a wand of iceblast (7/15)
 P - a wand of scattershot (4/9)
 R - a wand of clouds (6/9)
 Y - a wand of acid (0/15)
Scrolls
 h - 13 scrolls of remove curse
 i - 14 scrolls of teleportation
 k - 3 scrolls of fog
 s - 7 scrolls of identify
 t - 4 scrolls of blinking
 x - 2 scrolls of immolation
 y - 2 scrolls of recharging
 B - 5 scrolls of magic mapping
 D - 6 scrolls of fear
 V - a scroll of brand weapon
Potions
 c - 4 potions of mutation
 g - 8 potions of curing
 n - 5 potions of lignification
 q - 5 potions of might
 v - 3 potions of agility
 A - 2 potions of flight
 F - 5 potions of resistance
 G - a potion of cancellation
 H - a potion of ambrosia
 L - 11 potions of heal wounds
 M - 2 potions of haste
 O - 4 potions of invisibility
 Z - 2 potions of berserk rage
Books
 u - a book of Transfigurations

   Spells                             Type                      Level
   a - Irradiate                      Conjuration/Transmutation    5
   b - Statue Form                    Transmutation/Earth          6
   c - Hydra Form                     Transmutation                6
   d - Dragon Form                    Transmutation                7
Miscellaneous
 j - a box of beasts
 m - a lightning rod (4/4)
 K - a phial of floods
 U - a sack of spiders
Comestibles
 f - 13 bread rations
 r - 38 royal jellies
 z - 50 fruits
 J - 15 chunks of flesh
 S - 7 meat rations


   Skills:
 + Level 13.8 Fighting
 + Level 21.1 Axes
 + Level 16.4 Armour
 + Level 1.0 Dodging
   Level 3.2 Shields
 + Level 17.7 Invocations
 - Level 12.0 Evocations


You had 17 spell levels left.
You didn't know any spells.

Dungeon Overview and Level Annotations

Branches:
Dungeon (15/15)            Temple (1/1) D:6            Lair (6/6) D:11
 Shoals (0/4) Lair:4        Snake (4/4) Lair:2        Slime (0/5) Lair:6
    Orc (2/2) D:12            Elf (3/3) Orc:2        Vaults (0/5) D:13
 Depths (0/5) D:15

Altars:
Ashenzari
Cheibriados
Dithmenos
Elyvilon
Fedhas
Gozag
Hepliaklqana
Kikubaaqudgha
Makhleb
Nemelex Xobeh
Ru
Sif Muna
Trog
Uskayaw
Wu Jian
Xom
Yredelemnul
The Shining One
Jiyva

Shops:
D:4 %((   D:6 (   D:12 %   D:14 =   Orc:2 :(![   Elf:3 }}[   Snake:1 [

Portals:
Trove: D:13 (show abyssal rune of Zot)

Annotations:
Lair:6 1 runed door


Innate Abilities, Weirdness & Mutations

You are resistant to damage.
You can heal yourself by infusing magical energy.
You resist negative energy. (rN+)
You passively map a large area around you.
You do not regenerate.


Message History

The ghostly deep elf death mage beckons forth a restless soul!
The earth elemental hits you but does no damage. x2
The earth elemental hits you!!
* * * LOW HITPOINT WARNING * * *
The dire flail of crushing hits you.
* * * LOW HITPOINT WARNING * * *
You hit the dire flail of crushing.
The dire flail of crushing is almost destroyed.
You hit the earth elemental but do no damage.
You barely miss the earth elemental.
You hit the earth elemental but do no damage.
You hit the earth elemental. You slash the earth elemental!
The deep elf blademaster is engulfed in poison gas.
The deep elf blademaster looks as sick as possible!
The deep elf demonologist casts a spell.
The deep elf annihilator is engulfed in poison gas.
The deep elf annihilator is poisoned.
The earth elemental barely misses you.
The dire flail of crushing hits you but does no damage.
The earth elemental hits you!!
You die...

*,,,,*,*,,,.e.,,,*,*,,,,* *,*#
*,,****,,,,eee,,,,****,,* *,*#
*,***,,,,,*#e#*,,,,,,,*,***,*#
*,*,,,,,***#e###*,,,,,*,**,,*
*,,,,,*** #*#..***,,,,,*****
*,,,*** #e#ยง# ***,,,* *,***
#, #e#E# ***,* *** #.E#(#E#
*** # *########.EE@E######****
# *.........EEE.......,,,* #
*..........E#.######**** #
*#.........##.# #
#.........#*.# #
*##.......###.# ##
*...........#.##****** ##.
**................,,,,* ##..
*,........##.#..##*##<** ##...


You could see 2 deep elf blademasters, a deep elf annihilator, a ghostly deep
elf death mage, a deep elf sorcerer, a deep elf demonologist, 10 earth
elementals, a lost soul and a dire flail of crushing.

Vanquished Creatures
  Jorgrun (Elf:2)
  Asterion (Elf:2)
  Gastronok (Lair:2)
  Kirke (Lair:6)
  Agnes (Snake:3)
  6 nagarajas (Snake:4)
  A frost giant (IceCv)
  An orc warlord (Orc:1)
  2 deep elf sorcerers
  Aizul (Elf:3)
  A deep elf demonologist (Elf:2)
  Nessos (Lair:4)
  A dire elephant (Lair:6)
  Snorg (D:11)
  A minotaur (Lab)
  A deep elf high priest (Elf:1)
  A fire dragon (D:15)
  An ice dragon (D:15)
  A centaur warrior (D:14)
  10 naga warriors
  8 hydras
  6 two-headed ogres
  18 dancing weapons
  A catoblepas (Lair:6)
  10 anacondas
  A deep troll shaman (Lair:6)
  A tengu warrior (D:14)
  5 death yaks
  Urug (Orc:1)
  18 deep elf knights
  15 naga sharpshooters
  An orc high priest (Orc:2)
  8 shock serpents
  A fire crab (Lair:4)
  Nergalle (Lair:2)
  4 skeletal warriors (D:12)
  5 salamander mystics
  The ghost of Lianjan the Ducker, a novice DrWz of Sif Muna (D:8)
  Pikel (D:8)
  A sea snake (Snake:2)
  7 naga ritualists
  17 deep elf archers
  A wolf spider zombie (D:15)
  An orc knight (Orc:1)
  2 ugly things
  3 lindwurms (Snake:4)
  57 deep elf magi
  7 orc sorcerers
  11 mana vipers
  8 salamanders
  2 cyclopes
  23 naga magi
  11 elephants
  Maurice (D:13)
  2 gargoyles (Lab)
  Joseph (Lair:1)
  4 guardian serpents
  An ice statue (IceCv)
  30 black mambas
  A torpor snail (Lair:2)
  8 komodo dragons
  10 spiny frogs
  5 trolls
  20 polar bears
  A merfolk (shapeshifter) (Elf:3)
  2 hornets (D:11)
  3 dream sheep (Lair:2)
  A queen bee (Lair:3)
  9 hippogriffs
  18 blink frogs
  Sigmund (D:2)
  2 shadows
  5 air elementals
  A redback (Lab)
  A wraith (D:15)
  2 water elementals
  3 wyverns
  Grum (D:10)
  4 hogs (Lair:6)
  5 basilisks
  4 vampires
  49 yaks
  2 hungry ghosts
  4 vampire mosquitoes (D:14)
  5 wargs
  43 nagas
  A soldier ant (D:11)
  An acid dragon (D:15)
  6 porcupines
  8 water moccasins
  10 ice beasts
  3 sky beasts
  A slave (D:8)
  4 black bears
  27 orc warriors
  3 phantoms
  20 wolves
  2 eyes of draining
  11 ogres
  14 centaurs
  10 crocodiles
  12 bullfrogs
  An earth elemental (Elf:1)
  A hornet simulacrum (D:15)
  3 scorpions
  22 killer bees
  6 wights
  A troll skeleton (Lab)
  2 electric eels (Snake:2)
  6 crimson imps
  3 howler monkeys
  Crazy Yiuf (D:2)
  2 bullfrog zombies
  3 hounds
  8 jellies
  33 orc wizards
  22 orc priests
  5 centaur skeletons
  5 bullfrog skeletons
  An iguana (D:13)
  12 worker ants
  2 hell rats (Lair:4)
  An ogre skeleton (Lab)
  A hound zombie (D:5)
  A hound skeleton (D:9)
  5 gnolls
  2 howler monkey skeletons
  9 river rats (Lair:4)
  18 adders
  3 shadow imps
  An ooze (D:1)
  An adder skeleton (D:4)
  A worm (shapeshifter) (D:14)
  4 worms
  3 dart slugs
  3 leopard geckos
  70 orcs
  8 giant cockroaches
  8 goblins
  8 hobgoblins
  6 jackals
  4 kobolds
  5 quokkas
  9 bats
  4 frilled lizards
  A quokka skeleton (D:4)
  7 rats
  9 fungi
  7 plants
1012 creatures vanquished.

Vanquished Creatures (collateral kills)
  Frances (Snake:2)
  A deep elf annihilator (Elf:3)
  Erolcha (D:11)
  A deep elf high priest (Elf:3)
  Fannar (Lair:1)
  2 naga warriors (Snake:2)
  3 hydras
  6 dancing weapons (Elf:2)
  An anaconda (Snake:4)
  3 shock serpents
  A deep elf knight (Elf:2)
  An unseen horror (D:13)
  A lindwurm (Snake:4)
  2 deep elf magi (Elf:3)
  A mana viper (Snake:4)
  3 ugly things (D:15)
  3 salamanders (Snake:2)
  3 black mambas (Snake:2)
  2 guardian serpents
  2 spiny frogs
  3 blink frogs (Lair:1)
  3 yaks (Lair:6)
  2 nagas
  An orc warrior (Orc:1)
  An earth elemental (Elf:3)
  3 orcs (Orc:1)
52 creatures vanquished.

Vanquished Creatures (others)
  2 black mambas (Snake:4)
  A human (Lair:6)
  2 slaves (D:8)
  A howler monkey (D:8)
  An orc priest (Orc:2)
  An orc (D:12)
  A bush (Lair:6)
  3 fungi (Lair:6)
  4 plants
16 creatures vanquished.

Grand Total: 1080 creatures vanquished

Notes
Turn   | Place    | Note
-------+----------+-------------------------------------------
     0 | D:1      | Lianjan the Deep Dwarf Fighter began the quest for the Orb.
     0 | D:1      | Reached XP level 1. HP: 20/20 MP: 1/1
   180 | D:1      | Reached skill level 3 in Axes
   180 | D:1      | Reached XP level 2. HP: 21/27 MP: 2/2
   399 | D:1      | Reached XP level 3. HP: 22/33 MP: 3/3
   458 | D:1      | Reached skill level 4 in Axes
  1331 | D:2      | Noticed Sigmund
  1337 | D:2      | Killed Sigmund
  1337 | D:2      | Reached skill level 6 in Axes
  1337 | D:2      | Reached XP level 4. HP: 20/42 MP: 4/4
  1337 | D:2      | Reached XP level 5. HP: 23/49 MP: 5/5
  1579 | D:2      | Found a runed door.
  1764 | D:2      | Noticed Crazy Yiuf
  1774 | D:2      | Killed Crazy Yiuf
  1774 | D:2      | Reached XP level 6. HP: 25/56 MP: 6/6
  2332 | D:4      | Found a white marble altar of Elyvilon.
  2339 | D:4      | Found Igrybbeu's Weapon Boutique.
  2376 | D:4      | Reached skill level 7 in Axes
  2535 | D:4      | Reached XP level 7. HP: 39/62 MP: 7/7
  2693 | D:4      | Found a sparkling altar of Nemelex Xobeh.
  2760 | D:4      | Found Ynuteg's Food Emporium.
  2838 | D:4      | Found Zisa's Antique Weapon Emporium.
  3051 | D:5      | Entered Level 5 of the Dungeon
  3205 | D:5      | Found a deep blue altar of Sif Muna.
  3410 | D:5      | Found an ornate altar of the Wu Jian Council.
  3794 | D:6      | Reached skill level 8 in Axes
  3949 | D:6      | Reached skill level 9 in Axes
  3949 | D:6      | Reached skill level 5 in Armour
  3949 | D:6      | Reached XP level 8. HP: 39/72 MP: 8/8
  3968 | D:6      | Found Herewil's Weapon Boutique.
  4085 | D:6      | Reached skill level 10 in Axes
  4101 | D:6      | Found a staircase to the Ecumenical Temple.
  4118 | Temple   | Entered the Ecumenical Temple
  4155 | Temple   | Became a worshipper of Makhleb the Destroyer
  5064 | D:7      | Reached skill level 11 in Axes
  5299 | D:8      | Noticed Pikel
  5323 | D:8      | Killed Pikel
  5323 | D:8      | Gained mutation: You passively map the area around you. [Deep Dwarf growth]
  5323 | D:8      | Reached XP level 9. HP: 26/79 MP: 8/10
  5530 | D:8      | Found an ancient bone altar of Kikubaaqudgha.
  5537 | D:8      | Found a snail-covered altar of Cheibriados.
  5538 | D:8      | Found a bloodstained altar of Trog.
  5541 | D:8      | Found an opulent altar of Gozag.
  5576 | D:8      | Reached * piety under Makhleb
  5630 | D:8      | Noticed Lianjan's ghost (novice DrWz)
  5650 | D:8      | Killed Lianjan's ghost
  5763 | D:8      | Found a glowing golden altar of the Shining One.
  5968 | D:9      | Reached skill level 5 in Fighting
  5968 | D:9      | Reached skill level 12 in Axes
  6022 | D:9      | Found a shadowy altar of Dithmenos.
  6096 | D:9      | Found Jila's Book Shop.
  6326 | D:9      | Reached XP level 10. HP: 58/88 MP: 11/11
  6361 | D:9      | Reached skill level 5 in Invocations
  6554 | D:9      | Noticed a two-headed ogre
  6561 | D:9      | Killed a two-headed ogre
  6647 | D:9      | Noticed a two-headed ogre
  6664 | D:9      | Killed a two-headed ogre
  6664 | D:9      | Reached ** piety under Makhleb
  6664 | D:9      | Reached skill level 13 in Axes
  6831 | D:10     | Entered Level 10 of the Dungeon
  7191 | D:10     | Noticed a two-headed ogre
  7201 | D:10     | Killed a two-headed ogre
  7241 | D:10     | Found a hide-covered altar of Uskayaw.
  7371 | D:10     | Noticed Grum
  7382 | D:10     | Killed Grum
  7482 | D:10     | Noticed a two-headed ogre
  7490 | D:10     | Killed a two-headed ogre
  7566 | D:10     | Reached XP level 11. HP: 73/99 MP: 13/13
  8114 | D:11     | Found a staircase to the Lair.
  8170 | D:11     | Reached skill level 14 in Axes
  8316 | D:11     | Noticed a four-headed hydra
  8567 | D:4      | Bought a +5 war axe of flaming for 333 gold pieces
  8740 | D:11     | Noticed a two-headed ogre
  8750 | D:11     | Killed a two-headed ogre
  8757 | D:11     | Noticed Snorg
  8772 | D:11     | Killed Snorg
  8772 | D:11     | Reached *** piety under Makhleb
  8874 | D:11     | Paralysed by a hornet for 3 turns
  9076 | D:11     | Killed a one-headed hydra
  9111 | D:11     | Noticed a five-headed hydra
  9120 | D:11     | Killed a one-headed hydra
  9178 | D:11     | Noticed Erolcha
  9184 | D:11     | Killed Erolcha
  9310 | D:11     | Reached skill level 15 in Axes
  9510 | D:12     | Reached XP level 12. HP: 105/109 MP: 16/16
  9535 | D:12     | Found a staircase to the Orcish Mines.
  9571 | D:12     | Reached skill level 10 in Armour
  9704 | D:12     | Noticed a four-headed hydra
  9711 | D:12     | Killed a one-headed hydra
  9893 | D:12     | Reached skill level 10 in Invocations
  9990 | D:12     | Reached **** piety under Makhleb
 10394 | D:12     | Found Xuppei Geid's Food Emporium.
 10589 | Lair:1   | Entered Level 1 of the Lair of Beasts
 10643 | Lair:1   | Noticed Fannar
 10648 | Lair:1   | Noticed Joseph
 10658 | Lair:1   | Killed Fannar
 10661 | Lair:1   | Killed Joseph
 10724 | Lair:1   | Found a shimmering altar of Xom.
 11164 | Lair:1   | Reached skill level 16 in Axes
 11278 | Lair:2   | Noticed Nergalle
 11290 | Lair:2   | Killed Nergalle
 11493 | Lair:2   | Found a staircase to the Snake Pit.
 11516 | Lair:2   | Noticed Gastronok
 11530 | Lair:2   | Killed Gastronok
 11530 | Lair:2   | Reached XP level 13. HP: 120/120 MP: 17/17
 12358 | Lair:3   | Reached ***** piety under Makhleb
 12957 | Lair:4   | Reached skill level 17 in Axes
 13003 | Lair:4   | Noticed Nessos
 13029 | Lair:4   | Killed Nessos
 13069 | Lair:4   | Found a staircase to the Shoals.
 13491 | Lair:5   | Found a frozen archway.
 13521 | IceCv    | Entered an ice cave
 13866 | IceCv    | Noticed a frost giant
 13886 | IceCv    | Killed a frost giant
 13902 | IceCv    | Gained mutation: You resist negative energy. (rN+) [Deep Dwarf growth]
 13902 | IceCv    | Reached XP level 14. HP: 130/130 MP: 17/17
 13921 | IceCv    | Reached skill level 10 in Fighting
 14955 | Lair:6   | Entered Level 6 of the Lair of Beasts
 15094 | Lair:6   | Noticed Kirke
 15101 | Lair:6   | Reached skill level 18 in Axes
 15112 | Lair:6   | Killed Kirke
 15710 | Lair:6   | Found a runed door.
 15713 | Lair:6   | Found a viscous altar of Jiyva.
 15713 | Lair:6   | Found a staircase to the Slime Pits.
 15713 | Lair:6   | Noticed an azure jelly
 15713 | Lair:6   | Noticed an azure jelly
 15864 | Lair:6   | Reached ****** piety under Makhleb
 16353 | Orc:1    | Entered Level 1 of the Orcish Mines
 16415 | Orc:1    | Noticed Urug
 16423 | Orc:1    | Killed Urug
 16639 | Orc:1    | Found a shimmering altar of Xom.
 16640 | Orc:1    | Noticed an orc warlord
 16671 | Orc:1    | Killed an orc warlord
 16956 | Orc:2    | Entered Level 2 of the Orcish Mines
 16988 | Orc:2    | Found a labyrinth entrance.
 16997 | Lab      | Entered a labyrinth
 17206 | Lab      | Reached XP level 15. HP: 140/140 MP: 19/19
 17797 | Lab      | Identified the Disquisition on Snow
 17797 | Lab      | Identified the Guide on Entrancing Conjuration
 17803 | Lab      | Got an ichor-stained plate armour
 17809 | Orc:2    | Identified the cursed +0 plate armour of Insatiable Hunger {rN+ Int+5} (You found it in a labyrinth)
 17842 | Orc:2    | Found a staircase to the Elven Halls.
 18014 | Orc:2    | Reached skill level 19 in Axes
 18048 | Orc:2    | Found Godiq's Book Shoppe.
 18048 | Orc:2    | Found Kasirhumn's Antique Weapon Shoppe.
 18049 | Orc:2    | Found Alui's Armour Emporium.
 18052 | Orc:2    | Found Qotisit's Distillery.
 18097 | Orc:2    | Bought a potion of heal wounds for 70 gold pieces
 18097 | Orc:2    | Bought 2 potions of heal wounds for 140 gold pieces
 18097 | Orc:2    | Bought a potion of haste for 140 gold pieces
 18097 | Orc:2    | Bought a potion of resistance for 140 gold pieces
 18097 | Orc:2    | Bought a potion of heal wounds for 70 gold pieces
 18374 | Orc:2    | Found a burning altar of Makhleb.
 18691 | Orc:2    | Bought a +2 helmet of see invisible for 301 gold pieces
 18770 | Elf:1    | Entered Level 1 of the Elven Halls
 19311 | D:13     | Noticed Maurice
 19320 | D:13     | Killed Maurice
 19564 | D:13     | Found a gate to the Vaults.
 19646 | D:13     | Found a portal to a secret trove of treasure.
 20008 | D:14     | Found Jeadoc's Jewellery Shoppe.
 20372 | D:15     | Entered Level 15 of the Dungeon
 20859 | D:15     | Reached skill level 1 in Evocations
 20955 | D:15     | Found a staircase to the Depths.
 21375 | Snake:1  | Entered Level 1 of the Snake Pit
 21717 | Snake:1  | Found Poelusiw's Armour Emporium.
 21788 | Snake:1  | Reached skill level 15 in Invocations
 21802 | Snake:1  | Reached XP level 16. HP: 152/152 MP: 18/21
 22521 | Snake:2  | Reached skill level 5 in Evocations
 22936 | Snake:2  | Reached skill level 20 in Axes
 23035 | Snake:2  | Noticed Frances
 23047 | Snake:2  | Killed Frances
 23378 | Snake:3  | Noticed Agnes
 23398 | Snake:3  | Killed Agnes
 23769 | Snake:4  | Entered Level 4 of the Snake Pit
 24310 | Snake:4  | Reached skill level 15 in Armour
 24339 | Snake:4  | Reached XP level 17. HP: 162/162 MP: 23/23
 24735 | Snake:4  | Got a serpentine rune of Zot
 25339 | Elf:1    | Reached skill level 10 in Evocations
 25936 | Elf:2    | Noticed a Tzitzimitl
 25950 | Elf:2    | Noticed a Brimstone Fiend
 26379 | Elf:2    | Noticed Jorgrun
 26381 | Elf:2    | Found a huge runed gate.
 26381 | Elf:2    | Found a huge runed gate.
 26399 | Elf:2    | Killed Jorgrun
 26399 | Elf:2    | Gained mutation: You passively map a large area around you. [Deep Dwarf growth]
 26399 | Elf:2    | Reached XP level 18. HP: 172/172 MP: 23/23
 26477 | Elf:2    | Noticed Asterion
 26490 | Elf:2    | Killed Asterion
 26636 | Elf:2    | Reached skill level 21 in Axes
 27066 | Elf:3    | Entered Level 3 of the Elven Halls
 27157 | Elf:3    | Found Vuelucs's Antique Armour Emporium.
 27203 | Elf:3    | Found Kudali's Gadget Emporium.
 27205 | Elf:3    | Found Ubrualois's Gadget Shoppe.
 27208 | Elf:3    | Noticed Aizul
 27240 | Elf:3    | Killed Aizul
 27267 | Elf:3    | Bought a box of beasts for 340 gold pieces
 27780 | Elf:3    | Reached skill level 1 in Dodging
 27795 | Elf:3    | Slain by an earth elemental

Vault maps used:
D:1:      dpeg_arrival_simpleton_b, minmay_pentomino_p4
D:2:      first_bread, hangedman_abyss_or_decor_lesser_grid,
          uniq_crazy_yiuf_cottage, uniq_sigmund
D:4:      elyvilon_altar_5, serial_shops, shop, shop, shop,
          nemelex_lonely_heart_becter
D:5:      kennysheep_mini, lemuel_blue_sif_altar
D:6:      minmay_temple_entry_fiery, serial_shops, nicolae_shop_crystal,
          hex_large
D:8:      minitemple, roderic_three_in_a_row, serial_bayou_pond_d,
          hangedman_decor_clover_reticule, nicolae_tso_carved_into_rock,
          uniq_pikel
D:9:      minmay_bloctagon_deflated, grunt_dithmenos_smoke, serial_shops,
          nicolae_shop_competitors_out_of_business
D:10:     basic_altar, uniq_grum
D:11:     lair_entry_dummy, hangedman_pestilent_swarm,
          hangedman_decor_slide_cut, kennysheep_generic_room_5, uniq_snorg,
          uniq_erolcha
D:12:     erik_orc_3, serial_shops, shop
D:13:     erik_vaults_1, enter_trove_3, uniq_maurice
D:14:     serial_shops, nicolae_shop_competitors_out_of_business
D:15:     grunt_enter_depths_hoard, nicolae_water_bricks
Temple:   jpeg_temple_clearing
Lair:1:   basic_altar, uniq_fannar, uniq_joseph
Lair:2:   guppyfry_snake_entry_island, uniq_nergalle, uniq_gastronok
Lair:3:   special_room, grunt_megastairs_3
Lair:4:   minmay_shoals_entry_centaurs, kennysheep_rathole, uniq_nessos
Lair:5:   portal_ice_cave_entry_ice_beasts
Lair:6:   grunt_lair_end_beastmaster, slime_altar_2, minivault_24,
          hibernation_bobbens, uniq_kirke
Snake:1:  serial_shops, shop, serial_bayou_shore_b
Snake:2:  special_room, nicolae_snake_linked_coils, serial_bayou_pond_d,
          serial_bayou_shore_a, uniq_frances
Snake:3:  st_stairs_9, grunt_megastairs_1, uniq_agnes
Snake:4:  snake_pit_salamanders_mu, spider_trap
Orc:1:    basic_altar, mines2_david, uniq_urug
Orc:2:    st_orc_mages, lab_entry_generic, basic_altar, nicolae_orc_bridge_out
Elf:1:    hangedman_elf_represent
Elf:2:    uniq_asterion, uniq_jorgrun
Elf:3:    elf_hall, serial_shops, nicolae_shop_stone, feat_on_display,
          minmay_shoptagon, uniq_aizul
Lab:      labyrinth_mini_lab, nicolae_lab_checkerboard, labyrinth_lava_lair,
          nicolae_lab_dead_end, labyrinth_skeletal_remains, lab_statue,
          nicolae_lab_very_dead_end
IceCv:    ice_cave_caverns_03

Skill      XL: |  1  2  3  4  5  6  7  8  9 10 11 12 13 14 15 16 17 18 |
---------------+-------------------------------------------------------+-----
Axes           | 3 6 7 9 11 12 13 15 16 17 18 19 20 21 | 21.1
Fighting       | 3 4 5 6 7 8 9 10 11 12 13 | 13.8
Armour         | 4 5 6 7 8 9 10 12 13 14 15 16 | 16.4
Invocations    | 2 4 7 9 11 12 13 15 16 17 | 17.7
Evocations     | 4 8 10 12 | 12.0
Dodging        | 1 |  1.0
Shields        | |  3.2

Action                   |  1- 3 |  4- 6 |  7- 9 | 10-12 | 13-15 | 16-18 || total
-------------------------+-------+-------+-------+-------+-------+-------++-------
Melee: War axe           |   114 |   134 |   364 |   546 |    30 |       ||  1188
       Battleaxe         |       |       |       |    54 |  1526 |  1435 ||  3015
Invok: Lesser Servant of |       |       |       |     1 |     4 |       ||     5
       Greater Servant o |       |       |       |       |     3 |     8 ||    11
 Abil: Heal Wounds       |       |     3 |    10 |     3 |     2 |     5 ||    23
Evoke: Phial of floods   |       |       |       |     1 |     1 |       ||     2
       Sack of spiders   |       |       |       |     1 |       |     1 ||     2
       Wand              |       |       |       |       |     6 |     7 ||    13
       Box of beasts     |       |       |       |       |       |     1 ||     1
  Use: Potion            |     1 |       |       |       |       |     1 ||     2
       Scroll            |       |       |    18 |     5 |    21 |     7 ||    51
 Stab: Distracted        |       |       |       |     3 |     4 |     5 ||    12
       Petrified         |       |       |       |       |    30 |       ||    30
       Petrifying        |       |       |       |       |     1 |       ||     1
  Eat: Chunk             |     1 |     5 |    12 |    20 |    29 |    14 ||    81
       Bread ration      |       |       |       |       |     4 |     2 ||     6
Armor: Scale mail        |    26 |       |       |       |       |       ||    26
       Chain mail        |    47 |    73 |   202 |       |       |       ||   322
       Gold dragon scale |       |       |     8 |   294 |  1535 |  1208 ||  3045
Dodge: Dodged            |    54 |    39 |   102 |   127 |   488 |   334 ||  1144
Block: Buckler           |       |    26 |    82 |   111 |       |       ||   219
       Reflection        |       |       |       |     3 |     4 |     7 ||    14
       Other             |       |       |       |     2 |   109 |    72 ||   183
